 Dungeon Crawl Stone Soup version bcrawl-1.12-8-g964540c432 (webtiles) character file.

Game seed: 17590076223555896252

26 Freyura the Digger (level 3, 0/26 HPs)
             Began as a Sand Dwarf Earth Elementalist on June 10, 2019.
             Slain by an orc
             ... wielding a +0 short sword
              (2 damage)
             ... on level 2 of the Dungeon.
             The game lasted 00:06:52 (1313 turns).

Freyura the Digger (Sand Dwarf Earth Elementalist)  Turns: 1313, Time: 00:06:53

Health: 0/26       AC:  3    Str: 12    XL:     3   Next: 8%
Magic:  6/6        EV: 13    Int: 15    God:
Gold:   25         SH:  0    Dex: 12    Spells: 5/6 levels left

rFire    . . .     SeeInvis .   (weapon restricted)
rCold    . . .     Gourm    .   (shield restricted)
rNeg     + . .     Faith    .   k - +0 leather armour
rPois    .         Spirit   .   (no helmet)
rElec    .         Reflect  .   (no cloak)
rCorr    .         Harm     .   (no gloves)
MR       .....                  (no boots)
Stlth    +.........             (no amulet)
HPRegen  0.08/turn              j - ring of positive energy
MPRegen  0.10/turn              (no ring)

@: slow
A: small, slowness 1, armour attunement
a: no special abilities


You were on level 2 of the Dungeon.
You were not hungry.

You visited 1 branch of the dungeon, and saw 2 of its levels.

You collected 25 gold pieces.

Inventory:

Missiles
 b - 314 stones (quivered)
Armour
 c - a +0 robe
 k - a +0 leather armour (worn)
Jewellery
 j - a ring of positive energy (left hand)
Scrolls
 f - a scroll of enchant weapon {unknown}
 i - 2 scrolls of enchant armour {unknown}
 l - a scroll of remove curse {unknown}
Potions
 a - a potion of heal wounds {unknown}
 e - 2 potions of degeneration {unknown}
 g - a potion of ambrosia {unknown}
 h - a potion of curing {unknown}
Comestibles
 d - a ration {!d}
 m - a chunk of flesh


   Skills:
 - Level 1.5 Dodging
 - Level 1.5 Stealth
 + Level 2.3 Spellcasting
   Level 0.7 Transmutations
 * Level 4.7 Earth Magic


You had 5 spell levels left.
You knew the following spells:

 Your Spells              Type           Power        Failure   Level  Hunger
a - Sandblast             Erth           ###...       3%          1    #......

Your spell library contained the following spells:

 Spells                   Type           Power        Failure   Level  Hunger
 Passwall                 Tmut/Erth      #.......     11%         2    ###....
 Stone Arrow              Conj/Erth      #.....       24%         3    ###....
 Petrify                  Tmut/Erth      #.......     56%         4    #####..
 Lee's Rapid Deconstruct  Erth           ###.......   63%         5    ######.


Dungeon Overview and Level Annotations

Branches:
Dungeon (2/12)

Altars:


Innate Abilities, Weirdness & Mutations

You are small and have problems with some larger weapons.
You cover ground slowly.
Armour does not affect your spellcasting.


Message History

The hobgoblin barely misses you.
A leopard gecko comes into view.
The orc shouts!
The hobgoblin barely misses you. The orc closely misses you.
The hobgoblin hits you with a +0 club. The orc closely misses you.
The orc closely misses you. The hobgoblin misses you.
The orc completely misses you. The orc hits you but does no damage.
The hobgoblin hits you with a +0 club. The orc hits you with a +0 flail!
The orc barely misses you. The hobgoblin misses you.
The orc hits you with a +0 flail.
* * * LOW HITPOINT WARNING * * *
The orc barely misses you. The hobgoblin misses you. The orc misses you.
The orc hits you with a +0 flail.
* * * LOW HITPOINT WARNING * * *
The orc completely misses you. The orc hits you but does no damage.
The hobgoblin barely misses you. The orc closely misses you.
The orc hits you but does no damage. The orc hits you with a +0 short sword.
You die...

......#..#
......#..#
...^.....##
..........# #..#
.........# #..#
#......# #..#
#......# #..#
####..o@g.#.#..#
......ooo.# ...#
####......####.###
..>..............#
.....####.####.#.#
..... #.# #.#.#
.... #.. #.#.#####
#### ##.#
#.#.....# .#
#.#####.#


You could see 4 orcs and a hobgoblin.

Vanquished Creatures
  A dart slug (D:1)
  A leopard gecko (D:1)
  A giant cockroach (D:2)
  A goblin (D:1)
  3 hobgoblins (D:1)
  3 jackals (D:2)
  2 kobolds (D:1)
  6 bats (D:1)
  A frilled lizard (D:1)
  2 rats
21 creatures vanquished.

Notes
Turn   | Place    | Note
-------+----------+-------------------------------------------
     0 | D:1      | Freyura the Sand Dwarf Earth Elementalist began the quest
                  | for the Orb.
     0 | D:1      | Reached XP level 1. HP: 14/14 MP: 3/3
   104 | D:1      | Reached skill level 4 in Earth Magic
   118 | D:1      | Reached XP level 2. HP: 20/20 MP: 1/5
  1229 | D:2      | Reached XP level 3. HP: 26/26 MP: 3/6
  1312 | D:2      | HP: 1/26 [orc/+0 flail (6)]
  1313 | D:2      | Slain by an orc

Skill      XL: |  1 |
---------------+----+-----
Earth Magic    | 4 |  4.7
Dodging        | |  1.5
Stealth        | |  1.5
Spellcasting   | |  2.3
Transmutations | |  0.7

Action                   || total
-------------------------++-------
Melee: Unarmed           ||    14
 Cast: Sandblast         ||    28
  Eat: Chunk             ||     2
Armor: Robe              ||     3
       Leather armour    ||     3
Dodge: Dodged            ||    36
